River Rats vs National

Created - 21 janvier 2013 at 19:05

Goals
1 2 3 T
River Rats 0 5 2 7
National 0 2 0 2
Shots
1 2 3 T
River Rats 8 18 6 32
National 8 15 5 28

1st period

No Goal

Penalties :
Ben Maxwell (Que) for Roughing (Minor) at 12:51, Martin Grenier (Alb) for Roughing (Minor) at 12:51, Trent Hunter (Alb) for Holding Stick (Minor) at 19:42

2nd period

1. River Rats , Tyler Bozak 8 (Jonathan Ericsson, Dustin Boyd) at 2:31
2. River Rats , Brett Maclean 9 (Mikael Renberg, Benn Ferriero) at 2:58
3. National , Guillaume Desbiens 8 (Nick Schultz) at 5:23
4. National , Jonathan Cheechoo 19 (Ty Wishart, Cédric Lalonde-McNicoll) at 5:39
5. River Rats , Tyler Bozak 9 (Jesse Joensuu, Niklas Hjalmarsson) at 6:33
6. River Rats , Brett Maclean 10 (Mikael Renberg, Tyler Bozak) at 11:37 (PP)
7. River Rats , Trent Hunter 5 (Tyler Bozak) at 16:17

Penalties :
Cédric Lalonde-McNicoll (Que) for Hooking (Minor) at 3:15, James Marcou (Que) for Charging (Minor) at 11:33, Lee Stempniak (Alb) for High sticking (Minor) at 12:42, Jonathan Cheechoo (Que) for Hooking (Minor) at 17:09

3rd period

8. River Rats , Lee Stempniak 5 (Dustin Boyd, Chris Mcallister) at 0:16
9. River Rats , Lee Stempniak 6 (Dustin Boyd, Andrej Meszaros) at 16:13

Penalties :
James Marcou (Que) for Kneeing (Major) at 6:14, Brett Maclean (Alb) for Hooking (Minor) at 12:48, Guillaume Desbiens (Que) for Hooking (Minor) at 16:40

Goalie Stats

Jeff Glass (Alb), 26 saves from 28 shots - (0,929), W, 9-12-3, 60:00 minutes
Jeff Frazee (Que), 12 saves from 15 shots - (0,800), 28:23 minutes
Steve Shields (Que), 13 saves from 17 shots - (0,765), L, 6-12-3, 31:37 minutes

Players Stats for River Rats

Player Name              G  A  P  +/- PIM S  H  SB GA TA FO     MP     PP MP  PK MP  
------------------------------------------------------------------------------------
Andrej Meszaros          0  1  1   2  0   1  0  0  0  1  0/0    25:57   4:38   3:18 
Benn Ferriero            0  1  1   0  0   0  0  0  0  0  1/3     9:00   0:00   0:00 
Brett Maclean            2  0  2   0  2   3  0  0  0  0  0/1    13:10   4:22   0:00 
Bryan Bickell            0  0  0   0  0   3  4  0  0  0  0/0    11:24   1:12   1:09 
Bryan Rodney             0  0  0   1  0   1  1  1  0  1  0/0    14:38   1:00   0:00 
Chris Mcallister         0  1  1   1  0   2  1  1  0  0  1/1    20:43   5:14   1:24 
Dustin Boyd              0  3  3   1  0   5  1  1  1  0  13/29  21:14   5:07   1:43 
Jay Beagle               0  0  0   0  0   0  1  0  1  1  0/0    10:15   1:13   0:00 
Jesse Joensuu            0  1  1   3  0   0  1  0  0  0  0/0     9:50   0:40   0:00 
Jonathan Ericsson        0  1  1   4  0   2  1  0  1  1  0/0    25:22   5:34   2:39 
Josh Meyers              0  0  0   1  0   0  1  1  0  2  0/0    15:46   0:32   2:39 
Kyle Chipchura           0  0  0   0  0   0  0  0  0  0  6/7    13:45   1:06   3:24 
Lee Stempniak            2  0  2   1  2   6  2  1  0  0  1/2    20:58   5:07   0:50 
Martin Grenier           0  0  0   0  2   3  1  1  0  2  0/0    15:45   5:38   0:00 
Mikael Renberg           0  2  2   0  0   0  0  1  0  0  1/1    16:57   4:22   3:24 
Niklas Hjalmarsson       0  1  1   0  0   3  1  1  0  1  0/0    22:56   4:38   3:18 
Trent Hunter             1  0  1   3  2   1  1  0  1  0  1/2     9:43   0:18   0:00 
Tyler Bozak              2  2  4   3  0   2  0  0  0  0  5/9    14:37   4:19   0:00 

Players Stats for National

Player Name              G  A  P  +/- PIM S  H  SB GA TA FO     MP     PP MP  PK MP  
------------------------------------------------------------------------------------
Alex Grant               0  0  0   0  0   0  0  0  0  0  0/0     0:00   0:00   0:00 
Ben Maxwell              0  0  0  -2  2   1  0  1  0  0  4/9    16:07   2:38   1:59 
Cédric Lalonde-McNicoll  0  1  1   0  2   2  0  0  0  0  13/25  17:55   3:19   0:38 
Daniel Rahimi            0  0  0   0  0   0  0  0  0  1  0/0     7:09   0:00   0:45 
Dustin Kohn              0  0  0  -2  0   0  0  0  0  1  0/0    19:00   2:36   4:43 
Erik Gustafsson          0  0  0   0  0   0  0  0  0  0  0/0     9:01   0:00   1:02 
Guillaume Desbiens       1  0  1  -1  2   4  3  0  1  0  0/2    17:31   2:38   2:44 
Igor Makarov             0  0  0  -2  0   2  1  0  1  0  1/2    10:38   0:00   0:00 
James Marcou             0  0  0   0  7   1  1  0  0  0  0/0     8:34   0:00   2:00 
Jonathan Cheechoo        1  0  1   0  2   5  2  0  0  1  2/2    20:38   3:19   2:35 
Maksim Mayorov           0  0  0  -2  0   0  0  1  0  0  0/1    12:29   0:00   2:32 
Mathieu Carle            0  0  0  -2  0   0  2  1  0  0  0/0    18:52   2:36   4:43 
Nick Schultz             0  1  1  -2  0   2  1  1  2  0  0/0    26:00   3:21   5:32 
Pasi Salonen             0  0  0  -1  0   10 0  1  2  1  5/8    26:03   3:19   4:36 
Peter Leblanc            0  0  0   0  0   0  1  0  0  0  0/1     5:42   0:00   0:00 
Philip DeSimone          0  0  0  -2  0   1  0  1  1  0  1/5    10:23   0:00   0:00 
Rico Fata                0  0  0  -2  0   0  4  0  1  0  0/0    20:34   2:38   4:43 
Ty Wishart               0  1  1   0  0   0  0  0  0  0  0/0     8:12   0:00   0:13 
William Colbert          0  0  0  -2  0   0  0  0  1  0  0/0    26:02   3:21   5:15 
Yuri Alexandrov          0  0  0   0  0   0  1  1  0  0  0/0     6:05   0:00   0:00 

3 Stars

1 - Tyler Bozak (Alb)
2 - Lee Stempniak (Alb)
3 - Dustin Boyd (Alb)

Power Play

River Rats - 1 on 5 Attempt(s) - 20,00%
National - 0 on 3 Attempt(s) - 0,00%

Penalty Kill

River Rats - 3 on 3 Attempt(s) - 100,00% - Score 0 goal in Penalty Kill
National - 4 on 5 Attempt(s) - 80,00% - Score 0 goal in Penalty Kill

Official

Referees : Kowal Tom and Charron Francis
Linesman : Scott Cherrey and Lonnie Cameron

Game Notes

Jeff Frazee enters game at 11:37 of 2nd period

River Rats

5 vs 5 Forward 
   Center                   Left Wing                Right Wing               Time % Phy DF OF 
 1 Dustin Boyd              Chris Mcallister         Lee Stempniak            40     1   2  2  
 2 Benn Ferriero            Brett Maclean            Mikael Renberg           30     1   2  2  
 3 Tyler Bozak              Jesse Joensuu            Trent Hunter             20     1   2  2  
 4 Kyle Chipchura           Bryan Bickell            Jay Beagle               10     1   2  2  

5 vs 5 Defense 
   Defense                  Defense                                           Time % Phy DF OF 
 1 Andrej Meszaros          Jonathan Ericsson                                 40     1   2  2  
 2 Martin Grenier           Niklas Hjalmarsson                                30     1   2  2  
 3 Josh Meyers              Bryan Rodney                                      20     1   2  2  
 4 Niklas Hjalmarsson       Bryan Rodney                                      10     1   2  2  

PowerPlay Forward 
   Center                   Left Wing                Right Wing               Time % Phy DF OF 
 1 Dustin Boyd              Chris Mcallister         Lee Stempniak            60     1   2  2  
 2 Tyler Bozak              Brett Maclean            Mikael Renberg           40     1   2  2  

PowerPlay Defense
   Defense                  Defense                                           Time % Phy DF OF 
 1 Martin Grenier           Jonathan Ericsson                                 60     1   2  2  
 2 Niklas Hjalmarsson       Andrej Meszaros                                   40     1   2  2  

Penalty Kill 4 Players Forward 
   Center                   Wing                     Time % Phy DF OF 
 1 Kyle Chipchura           Mikael Renberg           60     1   2  2  
 2 Dustin Boyd              Chris Mcallister         40     1   2  2  

Penalty Kill 4 Players Defense
   Defense                  Defense                  Time % Phy DF OF 
 1 Andrej Meszaros          Niklas Hjalmarsson       60     1   2  2  
 2 Josh Meyers              Jonathan Ericsson        40     1   2  2  

Penalty Kill - 3 Players Forward 
   Forward                                           Time % Phy DF OF 
 1 Kyle Chipchura                                    60     1   2  2  
 2 Mikael Renberg                                    40     1   2  2  

Penalty Kill - 3 Players Defense
   Defense                  Defense                  Time % Phy DF OF 
 1 Jonathan Ericsson        Niklas Hjalmarsson       60     1   2  2  
 2 Andrej Meszaros          Martin Grenier           40     1   2  2  

4 vs 4 Forward 
   Center                   Wing                     Time % Phy DF OF 
 1 Tyler Bozak              Lee Stempniak            60     1   2  2  
 2 Dustin Boyd              Chris Mcallister         40     1   2  2  

4 vs 4 Defense
   Defense                  Defense                  Time % Phy DF OF 
 1 Andrej Meszaros          Niklas Hjalmarsson       60     1   2  2  
 2 Jonathan Ericsson        Martin Grenier           40     1   2  2  

Last Minutes Offensive
   Center                   Left Wing                Right Wing               Defense                  Defense                  
   Dustin Boyd              Chris Mcallister         Lee Stempniak            Martin Grenier           Jonathan Ericsson        

Last Minutes Defensive
   Center                   Left Wing                Right Wing               Defense                  Defense                  
   Dustin Boyd              Chris Mcallister         Lee Stempniak            Martin Grenier           Jonathan Ericsson        

Goaltenders
Starting : Jeff Glass               
Backup : Allen York               

Extra Forwards
Normal : Bryan Bickell, Brett Maclean, Mikael Renberg - PP : Bryan Bickell, Brett Maclean - PK : Lee Stempniak
Extra Defensemen
Normal : Jonathan Ericsson, Josh Meyers, Andrej Meszaros - PP : Bryan Rodney - PK : Josh Meyers, Andrej Meszaros
Penalty Shots
Lee Stempniak, Mikael Renberg, Dustin Boyd, Chris Mcallister, Benn Ferriero

National

5 vs 5 Forward 
   Center                   Left Wing                Right Wing               Time % Phy DF OF 
 1 Cédric Lalonde-McNicoll  Pasi Salonen             Jonathan Cheechoo        40     1   2  2  
 2 Ben Maxwell              Rico Fata                Guillaume Desbiens       30     1   2  2  
 3 Philip DeSimone          Maksim Mayorov           Igor Makarov             20     1   2  2  
 4 Peter Leblanc            Pasi Salonen             James Marcou             10     1   2  2  

5 vs 5 Defense 
   Defense                  Defense                                           Time % Phy DF OF 
 1 Nick Schultz             William Colbert                                   40     1   2  2  
 2 Mathieu Carle            Dustin Kohn                                       30     1   2  2  
 3 Ty Wishart               Erik Gustafsson                                   20     1   2  2  
 4 Daniel Rahimi            Yuri Alexandrov                                   10     1   2  2  

PowerPlay Forward 
   Center                   Left Wing                Right Wing               Time % Phy DF OF 
 1 Cédric Lalonde-McNicoll  Pasi Salonen             Jonathan Cheechoo        60     1   2  2  
 2 Ben Maxwell              Rico Fata                Guillaume Desbiens       40     1   2  2  

PowerPlay Defense
   Defense                  Defense                                           Time % Phy DF OF 
 1 Nick Schultz             William Colbert                                   60     1   2  2  
 2 Mathieu Carle            Dustin Kohn                                       40     1   2  2  

Penalty Kill 4 Players Forward 
   Center                   Wing                     Time % Phy DF OF 
 1 Pasi Salonen             Rico Fata                60     1   2  2  
 2 Jonathan Cheechoo        Guillaume Desbiens       40     1   2  2  

Penalty Kill 4 Players Defense
   Defense                  Defense                  Time % Phy DF OF 
 1 Nick Schultz             William Colbert          60     1   2  2  
 2 Mathieu Carle            Dustin Kohn              40     1   2  2  

Penalty Kill - 3 Players Forward 
   Forward                                           Time % Phy DF OF 
 1 Pasi Salonen                                      60     1   2  2  
 2 Rico Fata                                         40     1   2  2  

Penalty Kill - 3 Players Defense
   Defense                  Defense                  Time % Phy DF OF 
 1 Nick Schultz             William Colbert          60     1   2  2  
 2 Mathieu Carle            Dustin Kohn              40     1   2  2  

4 vs 4 Forward 
   Center                   Wing                     Time % Phy DF OF 
 1 Pasi Salonen             Rico Fata                60     1   2  2  
 2 Jonathan Cheechoo        Guillaume Desbiens       40     1   2  2  

4 vs 4 Defense
   Defense                  Defense                  Time % Phy DF OF 
 1 Nick Schultz             William Colbert          60     1   2  2  
 2 Mathieu Carle            Dustin Kohn              40     1   2  2  

Last Minutes Offensive
   Center                   Left Wing                Right Wing               Defense                  Defense                  
   Cédric Lalonde-McNicoll  Pasi Salonen             Jonathan Cheechoo        Nick Schultz             William Colbert          

Last Minutes Defensive
   Center                   Left Wing                Right Wing               Defense                  Defense                  
   Cédric Lalonde-McNicoll  Pasi Salonen             Jonathan Cheechoo        Nick Schultz             William Colbert          

Goaltenders
Starting : Steve Shields            
Backup : Jeff Frazee              

Extra Forwards
Normal : Igor Makarov, Philip DeSimone, James Marcou - PP : Igor Makarov, Philip DeSimone - PK : James Marcou
Extra Defensemen
Normal : Ty Wishart, Erik Gustafsson, Daniel Rahimi - PP : Ty Wishart - PK : Erik Gustafsson, Daniel Rahimi
Penalty Shots
Pasi Salonen, Rico Fata, Jonathan Cheechoo, Guillaume Desbiens, Igor Makarov

% Time on Ice - River Rats

Lines # - Real PCT - Wanted PCT - Time Play
Normal Forward
1 - 33% - 40% - 13:38
2 - 23% - 30% - 9:35
3 - 22% - 20% - 9:04
4 - 21% - 10% - 8:47
Normal Defense
1 - 39% - 40% - 15:54
2 - 27% - 30% - 11:00
3 - 26% - 20% - 10:45
4 - 8% - 10% - 3:25
PP Forward
1 - 56% - 60% - 6:11
2 - 44% - 40% - 4:49
PP Defense
1 - 58% - 60% - 6:22
2 - 42% - 40% - 4:38
PK Forward
1 - 76% - 60% - 4:33
2 - 24% - 40% - 1:24
PK Defense
1 - 55% - 60% - 3:18
2 - 45% - 40% - 2:39
PK3 Forward
1 - 0% - 60%
2 - 0% - 40%
PK3 Defense
1 - 0% - 60%
2 - 0% - 40%
44 Forward
1 - 63% - 60% - 1:15
2 - 37% - 40% - 0:44
44 Defense
1 - 61% - 60% - 1:12
2 - 39% - 40% - 0:47
Last Minute Offensive  - 0:00
Last Minute Defensive  - 0:00
Total
Forward - 60:00
Defense - 60:00

% Time on Ice - National

Lines # - Real PCT - Wanted PCT - Time Play
Normal Forward
1 - 36% - 40% - 14:40
2 - 27% - 30% - 11:16
3 - 23% - 20% - 9:26
4 - 14% - 10% - 5:42
Normal Defense
1 - 39% - 40% - 16:02
2 - 27% - 30% - 10:58
3 - 19% - 20% - 7:59
4 - 15% - 10% - 6:05
PP Forward
1 - 56% - 60% - 3:19
2 - 44% - 40% - 2:38
PP Defense
1 - 56% - 60% - 3:21
2 - 44% - 40% - 2:36
PK Forward
1 - 71% - 60% - 7:50
2 - 29% - 40% - 3:10
PK Defense
1 - 57% - 60% - 6:17
2 - 43% - 40% - 4:43
PK3 Forward
1 - 0% - 60%
2 - 0% - 40%
PK3 Defense
1 - 0% - 60%
2 - 0% - 40%
44 Forward
1 - 67% - 60% - 1:20
2 - 33% - 40% - 0:39
44 Defense
1 - 71% - 60% - 1:24
2 - 29% - 40% - 0:35
Last Minute Offensive  - 0:00
Last Minute Defensive  - 0:00
Total
Forward - 60:00
Defense - 60:00

Play by Play

1st period


0:01 of 1st period - Dustin Boyd wins face-off versus Cédric Lalonde-McNicoll in neutral zone.
0:26 of 1st period - Jonathan Ericsson is hit by Rico Fata and loses puck.
1:38 of 1st period - Wrist shot by Dustin Boyd.
1:38 of 1st period - Stopped by Steve Shields with a rebound.
2:00 of 1st period - Wrist shot by Brett Maclean.
2:00 of 1st period - Shot Misses the Net.
3:22 of 1st period - Icing by Niklas Hjalmarsson.
3:23 of 1st period - Tyler Bozak wins face-off versus Philip DeSimone in River Rats zone.
4:14 of 1st period - Wrist shot by Jonathan Cheechoo.
4:14 of 1st period - Shot Misses the Net.
4:16 of 1st period - Slapshot by Guillaume Desbiens.
4:16 of 1st period - Stopped by Jeff Glass with a rebound.
4:18 of 1st period - Snap shot by Mathieu Carle.
4:18 of 1st period - Shot Misses the Net.
4:20 of 1st period - Slapshot by Mathieu Carle.
4:20 of 1st period - Shot Misses the Net.
4:22 of 1st period - Backhand shot by Mathieu Carle.
4:22 of 1st period - Shot Blocked by Bryan Rodney.
4:24 of 1st period - Snap shot by Ben Maxwell.
4:24 of 1st period - Stopped by Jeff Glass with a rebound.
4:36 of 1st period - Slapshot by Pasi Salonen.
4:36 of 1st period - Stopped by Jeff Glass with a rebound.
4:50 of 1st period - Snap shot by Bryan Bickell.
4:50 of 1st period - Stopped by Steve Shields with a rebound.
5:15 of 1st period - Rico Fata is hit by Chris Mcallister and loses puck.
5:34 of 1st period - Snap shot by Pasi Salonen.
5:34 of 1st period - Stopped by Jeff Glass with a rebound.
5:36 of 1st period - Snap shot by Pasi Salonen.
5:36 of 1st period - Stopped by Jeff Glass without a rebound.
5:37 of 1st period - Cédric Lalonde-McNicoll wins face-off versus Dustin Boyd in River Rats zone.
5:38 of 1st period - Wrist shot by Pasi Salonen.
5:38 of 1st period - Stopped by Jeff Glass with a rebound.
6:03 of 1st period - Slapshot by Martin Grenier.
6:03 of 1st period - Stopped by Steve Shields with a rebound.
6:05 of 1st period - Wrist shot by Mikael Renberg.
6:05 of 1st period - Shot Blocked by Yuri Alexandrov.
6:11 of 1st period - Wrist shot by Benn Ferriero.
6:11 of 1st period - Shot Misses the Net.
7:03 of 1st period - Yuri Alexandrov is hit by Jonathan Ericsson.
7:15 of 1st period - Kyle Chipchura is hit by Yuri Alexandrov and loses puck.
8:07 of 1st period - Jay Beagle is hit by Peter Leblanc and loses puck.
8:12 of 1st period - Wrist shot by James Marcou.
8:12 of 1st period - Stopped by Jeff Glass without a rebound.
8:13 of 1st period - Ben Maxwell wins face-off versus Dustin Boyd in River Rats zone.
9:33 of 1st period - Martin Grenier is hit by Rico Fata.
10:20 of 1st period - Icing by Erik Gustafsson.
10:21 of 1st period - Igor Makarov wins face-off versus Trent Hunter in National zone.
11:21 of 1st period - Ty Wishart is hit by Josh Meyers and loses puck.
11:26 of 1st period - Snap shot by Bryan Bickell.
11:26 of 1st period - Shot Misses the Net.
11:44 of 1st period - Snap shot by Guillaume Desbiens.
11:44 of 1st period - Shot Misses the Net.
12:25 of 1st period - Icing by Nick Schultz.
12:26 of 1st period - Dustin Boyd wins face-off versus Ben Maxwell in National zone.
12:27 of 1st period - Snap shot by Lee Stempniak.
12:27 of 1st period - Stopped by Steve Shields without a rebound.
12:28 of 1st period - Dustin Boyd wins face-off versus Cédric Lalonde-McNicoll in National zone.
12:35 of 1st period - Snap shot by Chris Mcallister.
12:35 of 1st period - Stopped by Steve Shields with a rebound.
12:51 of 1st period - Minor Penalty to Ben Maxwell for Roughing.
12:51 of 1st period - Minor Penalty to Martin Grenier for Roughing.
12:52 of 1st period - Pasi Salonen wins face-off versus Tyler Bozak in River Rats zone.
13:41 of 1st period - Snap shot by Igor Makarov.
13:41 of 1st period - Stopped by Jeff Glass without a rebound.
13:42 of 1st period - Tyler Bozak wins face-off versus Igor Makarov in River Rats zone.
14:20 of 1st period - Off-side.
14:21 of 1st period - Jonathan Cheechoo wins face-off versus Dustin Boyd in neutral zone.
14:51 of 1st period - Penalty to Ben Maxwell is over, Ben Maxwell is back on ice.
14:51 of 1st period - Penalty to Martin Grenier is over, Martin Grenier is back on ice.
14:55 of 1st period - Snap shot by Martin Grenier.
14:55 of 1st period - Stopped by Steve Shields with a rebound.
14:57 of 1st period - Slapshot by Niklas Hjalmarsson.
14:57 of 1st period - Shot Misses the Net.
14:59 of 1st period - Snap shot by Martin Grenier.
14:59 of 1st period - Shot Misses the Net.
15:01 of 1st period - Slapshot by Lee Stempniak.
15:01 of 1st period - Shot Misses the Net.
15:13 of 1st period - Wrist shot by Martin Grenier.
15:13 of 1st period - Shot Blocked by Pasi Salonen.
15:15 of 1st period - Slapshot by Niklas Hjalmarsson.
15:15 of 1st period - Stopped by Steve Shields without a rebound.
15:16 of 1st period - Philip DeSimone wins face-off versus Benn Ferriero in National zone.
15:41 of 1st period - Jonathan Cheechoo is hit by Bryan Rodney and loses puck.
16:15 of 1st period - Slapshot by Andrej Meszaros.
16:15 of 1st period - Shot Misses the Net.
16:25 of 1st period - Yuri Alexandrov is hit by Martin Grenier.
17:06 of 1st period - Daniel Rahimi is hit by Trent Hunter and loses puck.
17:54 of 1st period - Bryan Rodney is hit by Nick Schultz and loses puck.
19:03 of 1st period - Cédric Lalonde-McNicoll is hit by Dustin Boyd and loses puck.
19:20 of 1st period - Snap shot by Bryan Bickell.
19:20 of 1st period - Stopped by Steve Shields with a rebound.
19:22 of 1st period - Backhand shot by Jay Beagle.
19:22 of 1st period - Shot Misses the Net.
19:42 of 1st period - Minor Penalty to Trent Hunter for Holding Stick.
19:43 of 1st period - Kyle Chipchura wins face-off versus Cédric Lalonde-McNicoll in River Rats zone.
19:43 of 1st period - Kyle Chipchura is hit by Jonathan Cheechoo.

2nd period


0:01 of 2nd period - Cédric Lalonde-McNicoll wins face-off versus Kyle Chipchura in neutral zone.
0:04 of 2nd period - Slapshot by Nick Schultz.
0:04 of 2nd period - Shot Blocked by Mikael Renberg.
1:17 of 2nd period - Icing by Dustin Kohn.
1:18 of 2nd period - Lee Stempniak wins face-off versus Ben Maxwell in National zone.
1:42 of 2nd period - Penalty to Trent Hunter is over, Trent Hunter is back on ice.
2:11 of 2nd period - Snap shot by Pasi Salonen.
2:11 of 2nd period - Shot Misses the Net.
2:13 of 2nd period - Snap shot by Pasi Salonen.
2:13 of 2nd period - Shot Blocked by Chris Mcallister.
2:31 of 2nd period - Snap shot by Tyler Bozak.
2:31 of 2nd period - Goal by Tyler Bozak - River Rats : 1 - National : 0.
2:32 of 2nd period - Cédric Lalonde-McNicoll wins face-off versus Dustin Boyd in neutral zone.
2:48 of 2nd period - Off-side.
2:49 of 2nd period - Benn Ferriero wins face-off versus Ben Maxwell in neutral zone.
2:58 of 2nd period - Slapshot by Brett Maclean.
2:58 of 2nd period - Goal by Brett Maclean - River Rats : 2 - National : 0.
2:59 of 2nd period - Cédric Lalonde-McNicoll wins face-off versus Dustin Boyd in neutral zone.
3:02 of 2nd period - Slapshot by Pasi Salonen.
3:02 of 2nd period - Stopped by Jeff Glass without a rebound.
3:03 of 2nd period - Cédric Lalonde-McNicoll wins face-off versus Dustin Boyd in River Rats zone.
3:06 of 2nd period - Snap shot by Pasi Salonen.
3:06 of 2nd period - Shot Blocked by Dustin Boyd.
3:08 of 2nd period - Slapshot by Nick Schultz.
3:08 of 2nd period - Shot Misses the Net.
3:10 of 2nd period - Snap shot by Cédric Lalonde-McNicoll.
3:10 of 2nd period - Shot Blocked by Lee Stempniak.
3:15 of 2nd period - Minor Penalty to Cédric Lalonde-McNicoll for Hooking.
3:16 of 2nd period - Dustin Boyd wins face-off versus Pasi Salonen in National zone.
5:10 of 2nd period - Dustin Boyd is hit by Mathieu Carle and loses puck.
5:15 of 2nd period - Penalty to Cédric Lalonde-McNicoll is over, Cédric Lalonde-McNicoll is back on ice.
5:23 of 2nd period - Slapshot by Guillaume Desbiens.
5:23 of 2nd period - Goal by Guillaume Desbiens - River Rats : 2 - National : 1.
5:24 of 2nd period - Cédric Lalonde-McNicoll wins face-off versus Benn Ferriero in neutral zone.
5:29 of 2nd period - Slapshot by Pasi Salonen.
5:29 of 2nd period - Deflect By Cédric Lalonde-McNicoll.
5:29 of 2nd period - Stopped by Jeff Glass with a rebound.
5:31 of 2nd period - Slapshot by Ty Wishart.
5:31 of 2nd period - Shot Misses the Net.
5:33 of 2nd period - Wrist shot by Pasi Salonen.
5:33 of 2nd period - Shot Misses the Net.
5:35 of 2nd period - Wrist shot by Cédric Lalonde-McNicoll.
5:35 of 2nd period - Stopped by Jeff Glass with a rebound.
5:37 of 2nd period - Backhand shot by Ty Wishart.
5:37 of 2nd period - Shot Blocked by Josh Meyers.
5:39 of 2nd period - Slapshot by Jonathan Cheechoo.
5:39 of 2nd period - Goal by Jonathan Cheechoo - River Rats : 2 - National : 2.
5:40 of 2nd period - Dustin Boyd wins face-off versus Cédric Lalonde-McNicoll in neutral zone.
6:12 of 2nd period - Benn Ferriero is hit by Rico Fata and loses puck.
6:29 of 2nd period - Slapshot by Niklas Hjalmarsson.
6:29 of 2nd period - Shot Misses the Net.
6:31 of 2nd period - Slapshot by Jesse Joensuu.
6:31 of 2nd period - Shot Misses the Net.
6:33 of 2nd period - Wrist shot by Tyler Bozak.
6:33 of 2nd period - Goal by Tyler Bozak - River Rats : 3 - National : 2.
6:34 of 2nd period - Dustin Boyd wins face-off versus Cédric Lalonde-McNicoll in neutral zone.
7:48 of 2nd period - Slapshot by Pasi Salonen.
7:48 of 2nd period - Stopped by Jeff Glass with a rebound.
7:54 of 2nd period - Pasi Salonen is hit by Bryan Bickell and loses puck.
8:05 of 2nd period - Snap shot by Pasi Salonen.
8:05 of 2nd period - Stopped by Jeff Glass without a rebound.
8:06 of 2nd period - Dustin Boyd wins face-off versus Ben Maxwell in River Rats zone.
8:15 of 2nd period - Slapshot by Jonathan Ericsson.
8:15 of 2nd period - Deflect By Dustin Boyd.
8:15 of 2nd period - Shot Misses the Net.
8:15 of 2nd period - Puck is out of play.
8:16 of 2nd period - Dustin Boyd wins face-off versus Cédric Lalonde-McNicoll in National zone.
8:17 of 2nd period - Slapshot by Lee Stempniak.
8:17 of 2nd period - Stopped by Steve Shields without a rebound.
8:18 of 2nd period - Cédric Lalonde-McNicoll wins face-off versus Dustin Boyd in National zone.
9:12 of 2nd period - Nick Schultz is hit by Jay Beagle and loses puck.
9:19 of 2nd period - Slapshot by Nick Schultz.
9:19 of 2nd period - Deflect By Niklas Hjalmarsson.
9:19 of 2nd period - Stopped by Jeff Glass without a rebound.
9:20 of 2nd period - Dustin Boyd wins face-off versus Pasi Salonen in River Rats zone.
9:27 of 2nd period - Slapshot by Pasi Salonen.
9:27 of 2nd period - Stopped by Jeff Glass without a rebound.
9:28 of 2nd period - Dustin Boyd wins face-off versus Cédric Lalonde-McNicoll in River Rats zone.
9:37 of 2nd period - Pasi Salonen is hit by Lee Stempniak and loses puck.
10:35 of 2nd period - Snap shot by Lee Stempniak.
10:35 of 2nd period - Shot Misses the Net.
10:37 of 2nd period - Snap shot by Dustin Boyd.
10:37 of 2nd period - Shot Misses the Net.
10:39 of 2nd period - Snap shot by Dustin Boyd.
10:39 of 2nd period - Stopped by Steve Shields with a rebound.
10:41 of 2nd period - Slapshot by Dustin Boyd.
10:41 of 2nd period - Stopped by Steve Shields with a rebound.
10:43 of 2nd period - Snap shot by Dustin Boyd.
10:43 of 2nd period - Shot Misses the Net.
10:45 of 2nd period - Snap shot by Niklas Hjalmarsson.
10:45 of 2nd period - Stopped by Steve Shields without a rebound.
10:46 of 2nd period - Ben Maxwell wins face-off versus Brett Maclean in National zone.
10:51 of 2nd period - Snap shot by Brett Maclean.
10:51 of 2nd period - Shot Blocked by Nick Schultz.
10:53 of 2nd period - Backhand shot by Brett Maclean.
10:53 of 2nd period - Stopped by Steve Shields with a rebound.
11:16 of 2nd period - Nick Schultz is hit by Jesse Joensuu and loses puck.
11:23 of 2nd period - Trent Hunter is hit by Igor Makarov and loses puck.
11:33 of 2nd period - Minor Penalty to James Marcou for Charging.
11:34 of 2nd period - Tyler Bozak wins face-off versus Pasi Salonen in National zone.
11:35 of 2nd period - Snap shot by Mikael Renberg.
11:35 of 2nd period - Shot Misses the Net.
11:37 of 2nd period - Slapshot by Brett Maclean.
11:37 of 2nd period - Goal by Brett Maclean - River Rats : 4 - National : 2.
11:37 of 2nd period - Jeff Frazee enters game.
11:38 of 2nd period - Mikael Renberg wins face-off versus Cédric Lalonde-McNicoll in neutral zone.
12:04 of 2nd period - Rico Fata is hit by Lee Stempniak and loses puck.
12:33 of 2nd period - Snap shot by Trent Hunter.
12:33 of 2nd period - Shot Misses the Net.
12:35 of 2nd period - Snap shot by Niklas Hjalmarsson.
12:35 of 2nd period - Stopped by Jeff Frazee without a rebound.
12:36 of 2nd period - Cédric Lalonde-McNicoll wins face-off versus Dustin Boyd in National zone.
12:41 of 2nd period - Wrist shot by Jonathan Cheechoo.
12:41 of 2nd period - Stopped by Jeff Glass with a rebound.
12:42 of 2nd period - Minor Penalty to Lee Stempniak for High sticking.
12:43 of 2nd period - Kyle Chipchura wins face-off versus Cédric Lalonde-McNicoll in River Rats zone.
12:59 of 2nd period - Slapshot by Andrej Meszaros.
12:59 of 2nd period - Shot Misses the Net.
13:55 of 2nd period - Off-side.
13:56 of 2nd period - Ben Maxwell wins face-off versus Dustin Boyd in neutral zone.
14:35 of 2nd period - Dustin Boyd is hit by Guillaume Desbiens and loses puck.
14:42 of 2nd period - Penalty to Lee Stempniak is over, Lee Stempniak is back on ice.
14:57 of 2nd period - Wrist shot by Lee Stempniak.
14:57 of 2nd period - Stopped by Jeff Frazee with a rebound.
14:59 of 2nd period - Slapshot by Dustin Boyd.
14:59 of 2nd period - Stopped by Jeff Frazee with a rebound.
15:01 of 2nd period - Snap shot by Martin Grenier.
15:01 of 2nd period - Stopped by Jeff Frazee with a rebound.
15:05 of 2nd period - Wrist shot by Lee Stempniak.
15:05 of 2nd period - Stopped by Jeff Frazee with a rebound.
15:07 of 2nd period - Snap shot by Niklas Hjalmarsson.
15:07 of 2nd period - Shot Blocked by Mathieu Carle.
15:09 of 2nd period - Snap shot by Martin Grenier.
15:09 of 2nd period - Shot Misses the Net.
15:19 of 2nd period - Slapshot by Igor Makarov.
15:19 of 2nd period - Stopped by Jeff Glass without a rebound.
15:20 of 2nd period - Jonathan Cheechoo wins face-off versus Tyler Bozak in River Rats zone.
15:52 of 2nd period - Wrist shot by Guillaume Desbiens.
15:52 of 2nd period - Stopped by Jeff Glass with a rebound.
15:54 of 2nd period - Snap shot by Ben Maxwell.
15:54 of 2nd period - Shot Misses the Net.
16:15 of 2nd period - Wrist shot by Bryan Bickell.
16:15 of 2nd period - Stopped by Jeff Frazee without a rebound.
16:16 of 2nd period - Tyler Bozak wins face-off versus Philip DeSimone in National zone.
16:17 of 2nd period - Snap shot by Trent Hunter.
16:17 of 2nd period - Goal by Trent Hunter - River Rats : 5 - National : 2.
16:18 of 2nd period - Cédric Lalonde-McNicoll wins face-off versus Dustin Boyd in neutral zone.
16:27 of 2nd period - Slapshot by Nick Schultz.
16:27 of 2nd period - Stopped by Jeff Glass without a rebound.
16:28 of 2nd period - Chris Mcallister wins face-off versus Cédric Lalonde-McNicoll in River Rats zone.
16:28 of 2nd period - Chris Mcallister is hit by Jonathan Cheechoo.
16:50 of 2nd period - Snap shot by Dustin Boyd.
16:50 of 2nd period - Stopped by Jeff Frazee with a rebound.
17:08 of 2nd period - Wrist shot by Jonathan Cheechoo.
17:08 of 2nd period - Stopped by Jeff Glass with a rebound.
17:09 of 2nd period - Minor Penalty to Jonathan Cheechoo for Hooking.
17:10 of 2nd period - Pasi Salonen wins face-off versus Tyler Bozak in National zone.
17:35 of 2nd period - Chris Mcallister is hit by Rico Fata and loses puck.
19:05 of 2nd period - Dustin Kohn is hit by Bryan Bickell and loses puck.
19:09 of 2nd period - Penalty to Jonathan Cheechoo is over, Jonathan Cheechoo is back on ice.
19:14 of 2nd period - Slapshot by Bryan Rodney.
19:14 of 2nd period - Stopped by Jeff Frazee without a rebound.
19:15 of 2nd period - Kyle Chipchura wins face-off versus Philip DeSimone in National zone.
19:58 of 2nd period - Snap shot by Guillaume Desbiens.
19:58 of 2nd period - Stopped by Jeff Glass without a rebound.
19:59 of 2nd period - Dustin Boyd wins face-off versus Ben Maxwell in River Rats zone.

3rd period


0:01 of 3rd period - Cédric Lalonde-McNicoll wins face-off versus Dustin Boyd in neutral zone.
0:16 of 3rd period - Snap shot by Lee Stempniak.
0:16 of 3rd period - Deflect By Jonathan Cheechoo.
0:16 of 3rd period - Goal by Lee Stempniak - River Rats : 6 - National : 2.
0:17 of 3rd period - Cédric Lalonde-McNicoll wins face-off versus Lee Stempniak in neutral zone.
0:26 of 3rd period - Snap shot by Pasi Salonen.
0:26 of 3rd period - Shot Blocked by Martin Grenier.
0:28 of 3rd period - Snap shot by Pasi Salonen.
0:28 of 3rd period - Stopped by Jeff Glass without a rebound.
0:29 of 3rd period - Cédric Lalonde-McNicoll wins face-off versus Dustin Boyd in River Rats zone.
0:30 of 3rd period - Snap shot by Pasi Salonen.
0:30 of 3rd period - Shot Misses the Net.
0:32 of 3rd period - Backhand shot by Pasi Salonen.
0:32 of 3rd period - Shot Misses the Net.
0:34 of 3rd period - Snap shot by Jonathan Cheechoo.
0:34 of 3rd period - Stopped by Jeff Glass without a rebound.
0:35 of 3rd period - Cédric Lalonde-McNicoll wins face-off versus Dustin Boyd in River Rats zone.
0:36 of 3rd period - Slapshot by Pasi Salonen.
0:36 of 3rd period - Shot Misses the Net.
0:38 of 3rd period - Snap shot by Cédric Lalonde-McNicoll.
0:38 of 3rd period - Shot Misses the Net.
0:40 of 3rd period - Slapshot by Dustin Kohn.
0:40 of 3rd period - Shot Misses the Net.
0:42 of 3rd period - Snap shot by Jonathan Cheechoo.
0:42 of 3rd period - Shot Misses the Net.
0:44 of 3rd period - Slapshot by Dustin Kohn.
0:44 of 3rd period - Shot Misses the Net.
2:25 of 3rd period - Nick Schultz is hit by Bryan Bickell and loses puck.
3:53 of 3rd period - Slapshot by Andrej Meszaros.
3:53 of 3rd period - Stopped by Jeff Frazee with a rebound.
3:55 of 3rd period - Snap shot by Jay Beagle.
3:55 of 3rd period - Deflect By Jonathan Cheechoo.
3:55 of 3rd period - Shot Misses the Net.
3:55 of 3rd period - Puck is out of play.
3:56 of 3rd period - Dustin Boyd wins face-off versus Guillaume Desbiens in National zone.
4:52 of 3rd period - Icing by Josh Meyers.
4:53 of 3rd period - Trent Hunter wins face-off versus Maksim Mayorov in River Rats zone.
5:44 of 3rd period - Wrist shot by Trent Hunter.
5:44 of 3rd period - Shot Misses the Net.
6:14 of 3rd period - Major Penalty to James Marcou for Kneeing.
6:15 of 3rd period - Pasi Salonen wins face-off versus Dustin Boyd in National zone.
6:50 of 3rd period - Wrist shot by Tyler Bozak.
6:50 of 3rd period - Shot Misses the Net.
8:13 of 3rd period - Andrej Meszaros is hit by Guillaume Desbiens and loses puck.
8:45 of 3rd period - Erik Gustafsson is hit by Niklas Hjalmarsson and loses puck.
8:50 of 3rd period - Slapshot by Martin Grenier.
8:50 of 3rd period - Shot Blocked by Ben Maxwell.
8:52 of 3rd period - Slapshot by Jonathan Ericsson.
8:52 of 3rd period - Stopped by Jeff Frazee with a rebound.
8:54 of 3rd period - Slapshot by Jonathan Ericsson.
8:54 of 3rd period - Shot Misses the Net.
8:56 of 3rd period - Slapshot by Jonathan Ericsson.
8:56 of 3rd period - Stopped by Jeff Frazee with a rebound.
9:41 of 3rd period - Niklas Hjalmarsson is hit by Guillaume Desbiens.
11:14 of 3rd period - Penalty to James Marcou is over, James Marcou is back on ice.
11:38 of 3rd period - Slapshot by Pasi Salonen.
11:38 of 3rd period - Stopped by Jeff Glass with a rebound.
11:40 of 3rd period - Snap shot by Philip DeSimone.
11:40 of 3rd period - Stopped by Jeff Glass with a rebound.
12:37 of 3rd period - Icing by Peter Leblanc.
12:38 of 3rd period - Kyle Chipchura wins face-off versus Peter Leblanc in National zone.
12:48 of 3rd period - Minor Penalty to Brett Maclean for Hooking.
12:49 of 3rd period - Kyle Chipchura wins face-off versus Cédric Lalonde-McNicoll in River Rats zone.
12:55 of 3rd period - Icing by Pasi Salonen.
12:56 of 3rd period - Kyle Chipchura wins face-off versus Cédric Lalonde-McNicoll in National zone.
13:49 of 3rd period - Mikael Renberg is hit by Mathieu Carle and loses puck.
14:48 of 3rd period - Penalty to Brett Maclean is over, Brett Maclean is back on ice.
14:56 of 3rd period - Off-side.
14:57 of 3rd period - Tyler Bozak wins face-off versus Philip DeSimone in neutral zone.
15:02 of 3rd period - Wrist shot by Trent Hunter.
15:02 of 3rd period - Shot Blocked by Philip DeSimone.
15:04 of 3rd period - Slapshot by Niklas Hjalmarsson.
15:04 of 3rd period - Shot Blocked by Maksim Mayorov.
15:06 of 3rd period - Snap shot by Trent Hunter.
15:06 of 3rd period - Shot Misses the Net.
15:24 of 3rd period - Chris Mcallister is hit by James Marcou and loses puck.
16:13 of 3rd period - Snap shot by Lee Stempniak.
16:13 of 3rd period - Goal by Lee Stempniak - River Rats : 7 - National : 2.
16:14 of 3rd period - Ben Maxwell wins face-off versus Dustin Boyd in neutral zone.
16:21 of 3rd period - Wrist shot by Rico Fata.
16:21 of 3rd period - Deflect By Dustin Boyd.
16:21 of 3rd period - Shot Blocked by Niklas Hjalmarsson.
16:21 of 3rd period - Puck is out of play.
16:22 of 3rd period - Dustin Boyd wins face-off versus Guillaume Desbiens in River Rats zone.
16:40 of 3rd period - Minor Penalty to Guillaume Desbiens for Hooking.
16:41 of 3rd period - Pasi Salonen wins face-off versus Dustin Boyd in National zone.
17:06 of 3rd period - Snap shot by Jonathan Cheechoo.
17:06 of 3rd period - Stopped by Jeff Glass with a rebound.
17:28 of 3rd period - Wrist shot by Chris Mcallister.
17:28 of 3rd period - Stopped by Jeff Frazee without a rebound.
17:29 of 3rd period - Pasi Salonen wins face-off versus Tyler Bozak in National zone.
17:48 of 3rd period - Slapshot by William Colbert.
17:48 of 3rd period - Shot Misses the Net.
18:40 of 3rd period - Penalty to Guillaume Desbiens is over, Guillaume Desbiens is back on ice.
18:46 of 3rd period - Maksim Mayorov is hit by Bryan Bickell and loses puck.


Output by the SimonT Hockey Simulator (STHS) for François Prévost -- Original Page W3C XHTML 1.0 Valid
Hockey Simulator - Hockey Simulation - Hockey Manager